 Dungeon Crawl Stone Soup version 0.22.1-1-ga44c0e5 (webtiles) character file.

40028 thomasnlv21 the Severer (level 13, -17/124 HPs)
             Began as a Minotaur Berserker on Nov 3, 2018.
             Was the Champion of Trog.
             Demolished by a death yak (20 damage)
             ... on level 6 of the Lair of Beasts.
             The game lasted 01:59:17 (20873 turns).

thomasnlv21 the Severer (Minotaur Berserker)       Turns: 20873, Time: 01:59:18

Health: -17/124    AC: 10    Str: 25    XL:     13   Next: 72%
Magic:  0/12       EV: 15    Int:  8    God:    Trog [******]
Gold:   1215       SH:  0    Dex: 12    Spells: 12/12 levels left

rFire    . . .     SeeInvis +   N - +5 executioner's axe (chop)
rCold    . . .     Gourm    .   (shield currently unavailable)
rNeg     . . .     Faith    .   O - +0 ring mail {rPois}
rPois    +         Spirit   +   (helmet restricted)
rElec    .         Reflect  .   P - scarf {Spirit}
rCorr    .         Harm     +   i - +1 pair of gloves
MR       .....                  (no boots)
Stlth    ++........             r - amulet of harm
HPRegen  0.30/turn              M - +4 ring of intelligence
MPRegen  0.13/turn              l - ring of see invisible

@: berserk cooldown, slowed, very slow
A: retaliatory headbutt, horns 2, blink, wild magic 1
a: Blink, Berserk, Trog's Hand, Brothers in Arms, Renounce Religion


You were on level 6 of the Lair of Beasts.
You worshipped Trog.
Trog was exalted by your worship.
You were not hungry.

You visited 2 branches of the dungeon, and saw 17 of its levels.
You also visited: Bailey.

You collected 1215 gold pieces.

Inventory:

Hand Weapons
 o - a +1 hunting sling of freezing
 z - a +0 hunting sling of freezing
 B - a +3 hand axe
 H - a +0 hand axe of flaming
 J - a +4 antimagic hand axe
 N - a +5 executioner's axe of chopping (weapon)
 S - a +1 great mace
 Z - a +4 arbalest of freezing
Missiles
 p - 158 sling bullets
Armour
 a - a +0 plate armour
 i - a +1 pair of gloves (worn)
 q - a +3 scale mail of magic resistance
 y - the +3 buckler of the Blizzard {Dex+4 Slay+3}
   (You found it on level 5 of the Dungeon)

   It affects your dexterity (+4).
   It affects your accuracy and damage with ranged weapons and melee attacks
   (+3).
 O - a +0 ring mail of poison resistance (worn)
 P - a scarf of spirit shield (worn)
 X - a +2 chain mail of magic resistance
Jewellery
 f - an uncursed ring of stealth
 j - an uncursed ring of fire
 l - a ring of see invisible (right hand)
 r - an amulet of harm (around neck)
 u - an uncursed amulet of guardian spirit
 x - a +4 ring of evasion
 E - an uncursed ring of stealth
 M - a +4 ring of intelligence (left hand)
 Q - an uncursed ring of stealth
Wands
 g - a wand of random effects (26)
 n - a wand of disintegration (3)
 A - a wand of flame (28)
 D - a wand of acid (13)
 I - a wand of iceblast (26)
 R - a wand of digging (9)
Scrolls
 b - 8 scrolls of remove curse
 e - 9 scrolls of identify
 k - 3 scrolls of enchant armour
 s - 3 scrolls of teleportation
 F - a scroll of blinking
 G - 2 scrolls of fear
 K - 2 scrolls of enchant weapon
 V - a scroll of magic mapping
Potions
 d - a potion of berserk rage
 h - 5 potions of curing
 m - 4 potions of heal wounds
 t - 3 potions of agility
 w - a potion of resistance
 C - a potion of mutation
 L - 2 potions of ambrosia
 Y - a potion of flight
Miscellaneous
 v - a sack of spiders
 W - a lamp of fire
Comestibles
 c - 24 rations
 T - 4 chunks of flesh


   Skills:
 * Level 14.1 Fighting
 + Level 16.3 Axes
 + Level 0.5 Slings
 * Level 11.2 Armour
 * Level 8.5 Dodging
 + Level 5.2 Stealth
 - Level 9.6 Shields


You had 12 spell levels left.
You didn't know any spells.
Your spell library contained the following spells:

 Spells                   Type           Power        Failure   Level  Hunger
 Magic Dart               Conj           #...         61%         1    ##.....
 Blink                    Tloc           N/A          73%         2    ###....
 Call Imp                 Summ           #.......     73%         2    ###....
 Slow                     Hex            #.......     73%         2    ###....
 Conjure Flame            Conj/Fire      #.......     91%         3    ####...
 Mephitic Cloud           Conj/Pois/Air  #.......     91%         3    ####...


Dungeon Overview and Level Annotations

Branches:
Dungeon (11/15)              Lair (6/6) D:9          Shoals (0/4) Lair:4
 Spider (0/4) Lair:3        Slime (0/5) Lair:5          Orc (0/2) D:11
 Temple: D:4-7

Altars:
Ashenzari
Cheibriados
Gozag
Hepliaklqana
Kikubaaqudgha
Okawaru
Qazlal
Sif Muna
Trog
Uskayaw
Wu Jian
Xom
The Shining One
Jiyva

Shops:
D:11 [

Portals:
Trove: D:10 (give 5 potions of resistance)

Annotations:
Lair:2 exclusion: oklob plant


Innate Abilities, Weirdness & Mutations

You reflexively headbutt those who attack you in melee.
You have a pair of horns on your head.
You can translocate small distances at will.
Your spells are a little harder to cast, but a little more powerful.


Message History

You slice the death yak!!
You headbutt the death yak, but do no damage.
The death yak is heavily wounded.
The death yak gores you but does no damage.
The death yak misses you.
You completely miss the death yak.
The death yak is heavily wounded.
You carefully extract the barbed spikes from your body.
The death yak misses you. The death yak gores you!
* * * LOW HITPOINT WARNING * * *
You barely miss the death yak. You headbutt the death yak.
The death yak is heavily wounded.
The death yak gores you!!
* * * LOW HITPOINT WARNING * * *
The torpor snail barely misses you. You furiously retaliate!
You headbutt the torpor snail!
You blink.
You feel slightly more hungry.
The death yak gores you but does no damage.
The death yak gores you!!
You die...

##....... ## .. # #........ # .#
...# ##....... #... .#.# #.......
###...#... ##....... #........
#........ #....#.k #........
#P....Y# ##....... ##..###@#
#....... #...#.Yw# ## ##.......
#...#.§.####.###........
#..††...#....P##....÷...
##..#####.....##........
#P...###.....##........ ........#
#......#.....#.........
........####..........##.........
..........##....#.#...##.........


You could see 2 death yaks, a torpor snail and a rime drake.

Vanquished Creatures
  Gastronok (D:10)
  3 hydras
  2 two-headed ogres (D:11)
  6 death yaks
  Urug (D:11)
  An unseen horror (D:11)
  A manticore (Lair:6)
  Joseph (D:8)
  7 elephants
  4 black mambas
  A rime drake (Lair:1)
  7 spiny frogs
  9 komodo dragons
  2 kobold demonologists (Bailey)
  A troll (D:9)
  3 polar bears
  A hornet (D:9)
  7 hippogriffs
  18 blink frogs
  3 dream sheep
  23 yaks
  3 hungry ghosts
  3 basilisks
  4 wyverns
  An acid dragon (D:11)
  10 water moccasins
  Duvessa (D:7)
  7 porcupines
  14 orc warriors
  4 ice beasts
  3 sky beasts
  4 black bears
  A necrophage (D:8)
  3 ogres
  A phantom (D:8)
  6 centaurs
  2 wolves (Lair:6)
  11 crocodiles
  5 big kobolds
  12 bullfrogs
  A gnoll sergeant (D:9)
  A wyvern zombie (D:10)
  Dowan (D:7)
  2 scorpions
  4 killer bees (D:8)
  A wight (D:10)
  6 howler monkeys
  2 electric eels
  4 crimson imps
  2 centaur zombies
  7 hounds
  6 orc priests
  A bullfrog skeleton (D:7)
  4 centaur skeletons
  A gnoll shaman (D:8)
  A jelly (D:8)
  4 orc wizards
  3 iguanas
  Jessica (D:2)
  Ijyb (D:4)
  6 worker ants
  4 hound zombies
  2 hound skeletons
  A worker ant zombie (D:10)
  A howler monkey skeleton (D:4)
  14 adders
  11 gnolls
  A shadow imp (D:10)
  2 oozes
  12 worms
  An adder skeleton (D:7)
  3 dart slugs
  2 leopard geckos
  46 orcs
  4 bats
  8 giant cockroaches
  24 goblins
  17 hobgoblins
  17 jackals
  17 kobolds
  3 quokkas
  2 frilled lizards
  A leopard gecko skeleton (D:4)
  A leopard gecko zombie (D:5)
  A quokka skeleton (D:5)
  10 rats
  A bush (Lair:2)
  7 fungi
  9 plants
478 creatures vanquished.

Vanquished Creatures (others)
  8 fungi (Lair:6)
  2 plants
  7 toadstools (D:1)
17 creatures vanquished.

Grand Total: 495 creatures vanquished

Notes
Turn   | Place    | Note
-------+----------+-------------------------------------------
     0 | D:1      | thomasnlv21 the Minotaur Berserker began the quest for the
                  | Orb.
     0 | D:1      | Reached XP level 1. HP: 19/19 MP: 0/0
   192 | D:1      | Reached XP level 2. HP: 27/27 MP: 1/1
   799 | D:1      | Reached skill level 4 in Axes
  1013 | D:1      | Reached ** piety under Trog
  1029 | D:1      | Reached XP level 3. HP: 33/33 MP: 2/2
  1315 | D:2      | Found a faded altar of an unknown god.
  1573 | D:2      | Reached XP level 4. HP: 39/41 MP: 3/3
  1807 | D:2      | Noticed a moth of wrath
  1810 | D:2      | Found a bloodstained altar of Trog.
  1820 | D:2      | Reached skill level 1 in Stealth
  1890 | D:2      | Noticed Jessica
  1896 | D:2      | Killed Jessica
  1914 | D:2      | Reached XP level 5. HP: 38/47 MP: 4/4
  2319 | D:2      | Found a glowing golden altar of the Shining One.
  2485 | D:3      | Reached skill level 5 in Fighting
  2837 | D:3      | Found a shattered altar of Ashenzari.
  2897 | D:3      | Found an iron altar of Okawaru.
  2900 | D:3      | Found a shimmering altar of Xom.
  2900 | D:3      | Found an ornate altar of the Wu Jian Council.
  2904 | D:3      | Found a basalt altar of Yredelemnul.
  2904 | D:3      | Found an ancient bone altar of Kikubaaqudgha.
  2904 | D:3      | Found an ancient bone altar of Kikubaaqudgha.
  2970 | D:3      | Reached *** piety under Trog
  3111 | D:3      | Found an opulent altar of Gozag.
  3187 | D:3      | Reached skill level 5 in Axes
  3667 | D:4      | Noticed a water elemental
  3669 | D:4      | Found a stormy altar of Qazlal.
  3671 | D:4      | Noticed an air elemental
  3671 | D:4      | Noticed a fire elemental
  3856 | D:4      | Noticed Ijyb
  3868 | D:4      | Killed Ijyb
  4111 | D:4      | Reached XP level 6. HP: 52/56 MP: 5/5
  4220 | D:4      | Noticed an ice beast
  4228 | D:4      | Killed an ice beast
  4748 | D:5      | Entered Level 5 of the Dungeon
  4782 | D:5      | Reached **** piety under Trog
  4782 | D:5      | Reached skill level 6 in Axes
  4844 | D:5      | Reached skill level 1 in Shields
  4922 | D:5      | Got an encrusted buckler
  4928 | D:5      | Found a hide-covered altar of Uskayaw.
  4946 | D:5      | Reached XP level 7. HP: 62/62 MP: 6/6
  4991 | D:5      | Gained mutation: Your spells are a little harder to cast,
                  | but a little more powerful. [potion of mutation]
  4991 | D:5      | Gained mutation: You are agile. (Dex +2) [potion of
                  | mutation]
  4991 | D:5      | Lost mutation: You are agile. (Dex +2) [potion of mutation]
  4991 | D:5      | Gained mutation: You can translocate small distances at
                  | will. [potion of mutation]
  5645 | D:6      | Reached skill level 5 in Armour
  5648 | D:6      | Reached skill level 7 in Axes
  5970 | D:6      | Reached XP level 8. HP: 63/71 MP: 7/7
  6286 | D:7      | Noticed Duvessa
  6294 | D:7      | Noticed Dowan
  6295 | D:7      | Killed Duvessa
  6301 | D:7      | Killed Dowan
  6345 | D:7      | Reached skill level 8 in Axes
  6345 | D:7      | Reached skill level 5 in Shields
  6356 | D:7      | Identified the +3 buckler of the Blizzard {Dex+4 Slay+3}
                  | (You found it on level 5 of the Dungeon)
  6478 | D:7      | Found an iron altar of Okawaru.
  6480 | D:7      | Found an ancient bone altar of Kikubaaqudgha.
  6728 | D:7      | Reached ***** piety under Trog
  6733 | D:7      | Noticed a hippogriff
  6741 | D:7      | Killed a hippogriff
  6741 | D:7      | Reached XP level 9. HP: 80/80 MP: 8/8
  7333 | D:7      | Found an ornate altar of the Wu Jian Council.
  7333 | D:7      | Found a snail-covered altar of Cheibriados.
  7406 | D:8      | Reached skill level 9 in Axes
  8089 | D:8      | Found a hazy altar of Hepliaklqana.
  8122 | D:8      | Reached skill level 10 in Axes
  8131 | D:8      | Reached XP level 10. HP: 90/90 MP: 9/9
  8211 | D:8      | Noticed a two-headed hydra
  8221 | D:8      | Killed a one-headed hydra
  8498 | D:8      | Noticed Joseph
  8508 | D:8      | Killed Joseph
  8583 | D:8      | Reached skill level 11 in Axes
  9319 | D:9      | Found a staircase to the Lair.
  9341 | D:9      | Reached skill level 10 in Fighting
  9520 | D:9      | Found a flagged portal.
  9522 | D:9      | Found a deep blue altar of Sif Muna.
  9529 | Bailey   | Entered a bailey
  9566 | Bailey   | Received a gift from Trog
  9637 | Bailey   | Found an iron altar of Okawaru.
  9642 | Bailey   | Noticed a soul eater
  9644 | Bailey   | Noticed a sixfirhy
  9648 | Bailey   | Reached skill level 5 in Dodging
  9663 | Bailey   | Reached XP level 11. HP: 70/101 MP: 3/10
 10986 | D:9      | Found a snail-covered altar of Cheibriados.
 11149 | D:9      | Found a snail-covered altar of Cheibriados.
 11308 | D:10     | Entered Level 10 of the Dungeon
 11308 | D:10     | Found a portal to a secret trove of treasure.
 11313 | D:10     | Reached skill level 12 in Axes
 11604 | D:10     | Noticed Gastronok
 11614 | D:10     | Killed Gastronok
 11724 | D:10     | Reached ****** piety under Trog
 12017 | D:11     | Noticed a two-headed ogre
 12024 | D:11     | Killed a two-headed ogre
 12024 | D:11     | Noticed a two-headed ogre
 12031 | D:11     | Killed a two-headed ogre
 12031 | D:11     | Reached skill level 13 in Axes
 12605 | D:11     | Noticed an unseen horror
 12618 | D:11     | Found Aqeeser's Armour Boutique.
 12618 | D:11     | Found a staircase to the Orcish Mines.
 12647 | D:11     | Killed an unseen horror
 12988 | D:11     | Noticed Urug
 12998 | D:11     | Killed Urug
 13218 | D:11     | Reached XP level 12. HP: 111/111 MP: 8/11
 13222 | D:11     | Received a gift from Trog
 13476 | Lair:1   | Entered Level 1 of the Lair of Beasts
 13672 | Lair:1   | Noticed a five-headed hydra
 13684 | Lair:1   | Killed a one-headed hydra
 14644 | Lair:2   | Reached skill level 14 in Axes
 15224 | Lair:3   | Reached skill level 5 in Stealth
 15546 | Lair:3   | Found a hole to the Spider Nest.
 17050 | Lair:4   | Reached skill level 10 in Armour
 17281 | Lair:4   | Reached skill level 15 in Axes
 17318 | Lair:4   | Found a staircase to the Shoals.
 17823 | Lair:5   | Reached XP level 13. HP: 106/119 MP: 10/12
 17824 | Lair:5   | Found a staircase to the Slime Pits.
 17824 | Lair:5   | Found a viscous altar of Jiyva.
 18725 | Lair:6   | Entered Level 6 of the Lair of Beasts
 19760 | Lair:6   | Received a gift from Trog
 20067 | Lair:6   | Reached skill level 16 in Axes
 20873 | Lair:6   | Demolished by a death yak

Skill      XL: |  1  2  3  4  5  6  7  8  9 10 11 12 13 |
---------------+----------------------------------------+-----
Fighting       | 4 5 6 7 8 10 11 12 14 | 14.1
Axes           | 4 5 6 7 8 10 11 13 15 16 | 16.3
Stealth        | 1 2 3 4 5 |  5.2
Armour         | 3 4 5 6 7 8 9 10 11 | 11.2
Dodging        | 3 4 5 7 8 |  8.5
Shields        | 1 3 5 7 8 9 |  9.6
Slings         | |  0.5

Action                   |  1- 3 |  4- 6 |  7- 9 | 10-12 | 13-15 || total
-------------------------+-------+-------+-------+-------+-------++-------
Melee: Hand axe          |    78 |   174 |   243 |   146 |    22 ||   663
       Headbutt          |    13 |    40 |    54 |    74 |    34 ||   215
       Executioner's axe |       |       |       |   247 |   119 ||   366
 Fire: Hunting sling     |       |    24 |       |       |       ||    24
Invok: Berserk           |     1 |     5 |     8 |    20 |     5 ||    39
 Abil: Blink             |       |       |     1 |       |     4 ||     5
Evoke: Wand              |       |       |       |     1 |       ||     1
  Use: Potion            |     5 |     1 |     3 |     4 |       ||    13
       Scroll            |     4 |     8 |     7 |     8 |     3 ||    30
 Stab: Sleeping          |     1 |     5 |     2 |     4 |     1 ||    13
       Distracted        |       |       |       |     1 |       ||     1
  Eat: Chunk             |     3 |    15 |    14 |    32 |     2 ||    66
       Ration            |       |       |     1 |     7 |     3 ||    11
Armor: Animal skin       |     1 |       |       |       |       ||     1
       Ring mail         |    36 |    32 |       |    72 |    49 ||   189
       Scale mail        |       |    33 |    93 |    14 |       ||   140
       Plate armour      |       |       |       |    15 |       ||    15
Dodge: Dodged            |    57 |    74 |    93 |   236 |   115 ||   575
Block: Shield            |       |    15 |    46 |       |       ||    61
       Buckler           |       |       |    53 |    44 |       ||    97
